 Dungeon Crawl Stone Soup version 0.32-a0-12-g7fc57aa741 (webtiles) character file.

Game seed: 4095456063043553434

1655583 whatisthis the Conqueror (level 26, 268/268 HPs)
             Began as a Hill Orc Monk on Jan 13, 2024.
             Was the Champion of Nemelex Xobeh.
             Escaped with the Orb
             ... and 3 runes on Jan 15, 2024!
             The game lasted 05:05:53 (65928 turns).

whatisthis the Conqueror (Hill Orc Monk)           Turns: 65928, Time: 05:05:53

Health: 268/268    AC: 49    Str: 34      XL:     26   Next: 3%
Magic:  40/40      EV: 15    Int: 11 (12) God:    Nemelex Xobeh [******]
Gold:   6702       SH: 22    Dex: 14 (15) Spells: 25/25 levels left

rFire   + + .        A - +9 broad axe (heavy)
rCold   + + .        l - +0 kite shield {AC+3}
rNeg    . . .        O - +8 gold dragon scales
rPois   +            J - +2 helmet of the Heavens {rF+ Will+ Int+4 Slay+2}
rElec   +            P - +2 cloak
rCorr   .            U - +2 pair of gloves
SInv    +            m - +1 pair of boots of the Giraffatuar {rElec}
Will    ++...        z - amulet "Zoiweecw" {Reflect Rampage rPois rC+ SH+5} Stlth
                     Q - ring of the Octopus King {HP+2 AC+2 EV+2 SH+2 SInv}
HPRegen 0.64/turn    v - ring "Ycoigoadd" {*Corrode EV+5 Str+8 Int-2 Dex+2}
MPRegen 0.27/turn

%: corrode self (3%), reflection, rampage
@: studying Axes
A: no striking features
0: Orb of Zot
}: 3/15 runes: serpentine, barnacled, silver
a: Renounce Religion, Draw Escape, Draw Destruction, Draw Summoning, Triple
Draw, Deal Four, Stack Five


You escaped.
You worshipped Nemelex Xobeh.
Nemelex Xobeh was exalted by your worship.
You visited 9 branches of the dungeon, and saw 45 of its levels.
You visited the Abyss 1 time.
You also visited: Sewer and Bailey.

You collected 9150 gold pieces.
You spent 2448 gold pieces at shops.

Inventory:

Hand Weapons
 A - a +9 heavy broad axe (weapon)
 F - a +3 morningstar
Missiles
 h - 16 boomerangs
 q - 28 javelins (quivered)
 N - 6 curare-tipped darts
 R - 4 throwing nets
Armour
 l - a +0 kite shield of protection (worn)
 m - the +1 pair of boots of the Giraffatuar (worn) {rElec}
   (You bought it in a shop on level 2 of the Orcish Mines)

   rElec:     It insulates you from electricity.
 C - a +0 tower shield of reflection
 J - the +2 helmet of the Heavens (worn) {rF+ Will+ Int+4 Slay+2}
   (You acquired it on level 5 of the Vaults)

   Int+4:     It affects your intelligence (+4).
   Slay+2:    It affects your accuracy & damage with ranged weapons and melee
   (+2).
   rF+:       It protects you from fire.
   Will+:     It increases your willpower.
 O - +8 gold dragon scales (worn)
 P - a +2 cloak (worn)
 U - a +2 pair of gloves (worn)
Jewellery
 a - the amulet of Neoluh {Spirit rElec Will+ rCorr}
   (You took it off a spriggan air mage on level 2 of the Depths)

   [amulet of guardian spirit]

   Spirit:    It causes incoming damage to be divided between your reserves of
   health and magic.
   rElec:     It insulates you from electricity.
   Will+:     It increases your willpower.
   rCorr:     It protects you from acid and corrosion.
 b - a ring of protection from cold
 p - a ring of protection from fire
 v - the ring "Ycoigoadd" (right hand) {*Corrode EV+5 Str+8 Int-2 Dex+2}
   (You acquired it on level 2 of the Lair of Beasts)

   [ring of evasion]

   EV+5:      It affects your evasion (+5).
   Str+8:     It affects your strength (+8).
   Int-2:     It affects your intelligence (-2).
   Dex+2:     It affects your dexterity (+2).
   *Corrode:  It may corrode you when you take damage.
 z - the amulet "Zoiweecw" (around neck) {Reflect Rampage rPois rC+ SH+5}
   (You found it on level 4 of the Shoals)

   [amulet of reflection]

   Reflect:   It reflects blocked missile attacks.
   rC+:       It protects you from cold.
   rPois:     It protects you from poison SH+5: It affects your SH (+5).
   Rampage:   It bestows one free step when moving towards enemies.
 B - a ring of fire
 Q - a ring of the Octopus King (left hand) {HP+2 AC+2 EV+2 SH+2 SInv}
   (You found it on level 3 of the Vaults)

   [ring of see invisible]

   AC+2:      It affects your AC (+2).
   EV+2:      It affects your evasion (+2).
   HP+2:      It affects your health (+2).
   SInv:      It lets you see invisible.
   SH+2:      It affects your SH (+2).
Wands
 r - a wand of light (42)
 t - a wand of flame (81)
 I - a wand of digging (8)
 M - a wand of iceblast (14)
 T - a wand of mindburst (37)
 Y - a wand of paralysis (29)
Scrolls
 f - 6 scrolls of poison
 k - 5 scrolls of blinking
 n - 13 scrolls of teleportation
 u - 6 scrolls of fear
 w - a scroll of torment
 x - a scroll of immolation
 G - 25 scrolls of identify
 K - 5 scrolls of silence
 L - 6 scrolls of fog
 V - 5 scrolls of vulnerability
Potions
 c - 3 potions of resistance
 d - 3 potions of invisibility
 e - 4 potions of brilliance
 g - a potion of enlightenment
 i - 3 potions of curing
 j - 5 potions of heal wounds
 o - 8 potions of lignification
 s - 10 potions of mutation
 E - 4 potions of cancellation
 X - a potion of might
Miscellaneous
 Z - a lightning rod (4/4)


   Skills:
 O Level 27 Fighting
 - Level 21.7 Axes
 + Level 15.1 Throwing
 - Level 18.2 Armour
 - Level 2.4 Dodging
 - Level 20.7 Shields
 O Level 27 Invocations


You had 25 spell levels left.
You didn't know any spells.
Your spell library contained the following spells:

 Spells                   Type           Power      Damage    Failure   Level
 Magic Dart               Conj           0%         1d3       98%         1
 Sting                    Conj/Alch      0%         1d3       98%         1
 Blink                    Tloc           0%         N/A       99%         2
 Cigotuvi's Dreadful Rot  Necr/Alch/Air  0%         N/A       99%         2
 Lesser Beckoning         Tloc           0%         N/A       99%         2
 Mercury Vapours          Alch/Air       0%         N/A       99%         2
 Momentum Strike          Conj/Tloc      0%         3d8       99%         2
 Scorch                   Fire           0%         2d5       99%         2
 Searing Ray              Conj           0%         2d4       99%         2
 Sublimation of Blood     Necr           0%         N/A       99%         2
 Dazzling Flash           Conj/Hex       0%         N/A       100%        3
 Mephitic Cloud           Conj/Alch/Air  0%         N/A       100%        3
 Stone Arrow              Conj/Erth      0%         3d7       100%        3
 Tukima's Dance           Hex            0%         N/A       100%        3
 Volatile Blastmotes      Fire/Tloc      0%         2d10      100%        3
 Animate Armour           Summ/Erth      0%         N/A       100%        4
 Animate Dead             Necr           0%         N/A       100%        4
 Dispel Undead            Necr           0%         3d6       100%        4
 Fulminant Prism          Conj/Alch      0%         3d5       100%        4
 Ignite Poison            Fire/Alch      0%         N/A       100%        4
 Leda's Liquefaction      Alch/Erth      0%         N/A       100%        4
 Manifold Assault         Tloc           0%         N/A       100%        4
 Martyr's Knell           Necr/Summ      0%         N/A       100%        4
 Olgreb's Toxic Radiance  Alch           0%         N/A       100%        4
 Passage of Golubria      Tloc           0%         N/A       100%        4
 Petrify                  Alch/Erth      0%         N/A       100%        4
 Vhi's Electric Charge    Tloc/Air       0%         N/A       100%        4
 Arcjolt                  Conj/Air       0%         1d10      100%        5
 Freezing Cloud           Conj/Ice/Air   0%         6-21      100%        5
 Irradiate                Conj/Alch      0%         3d11      100%        5
 Lee's Rapid Deconstruct  Erth           0%         3d4*      100%        5
 Summon Forest            Summ/Tloc      0%         N/A       100%        5
 Summon Mana Viper        Hex/Summ       0%         N/A       100%        5
 Yara's Violent Unravell  Hex/Alch       0%         3d3       100%        5
 Bombard                  Conj/Erth      0%         9d1       100%        6
 Death Channel            Necr           0%         N/A       100%        6
 Dispersal                Tloc           0%         N/A       100%        6
 Plasma Beam              Fire/Air       0%         2x1d10    100%        6
 Sculpt Simulacrum        Ice/Alch       0%         N/A       100%        6
 Summon Cactus Giant      Summ           0%         N/A       100%        6
 Haunt                    Necr/Summ      0%         N/A       100%        7
 Malign Gateway           Summ/Tloc      0%         N/A       100%        7
 Ozocubu's Refrigeration  Ice            0%         4d7       100%        7
 Discord                  Hex            0%         N/A       100%        8
 Disjunction              Tloc           0%         N/A       100%        8
 Infestation              Necr           0%         N/A       100%        8
 Lehudib's Crystal Spear  Conj/Erth      0%         10d2      100%        8
 Summon Horrible Things   Summ           0%         N/A       100%        8
 Polar Vortex             Ice            0%         N/A       100%        9


Dungeon Overview and Level Annotations

Branches:
Dungeon (15/15)            Temple (1/1) D:4            Lair (5/5) D:10
 Shoals (4/4) Lair:3        Snake (4/4) Lair:2        Slime (0/5) Lair:4
    Orc (2/2) D:9             Elf (0/3) Orc:2        Vaults (5/5) D:13
  Crypt (0/3) Vaults:3     Depths (4/4) D:15            Zot (5/5) Depths:4
  Sewer (visited)          Bailey (visited)

Altars:
Ashenzari
Cheibriados
Dithmenos
Elyvilon
Fedhas
Gozag
Hepliaklqana
Kikubaaqudgha
Makhleb
Nemelex Xobeh
Okawaru
Qazlal
Ru
Sif Muna
Trog
Uskayaw
Vehumet
Wu Jian
Xom
Yredelemnul
Zin
The Shining One
Beogh
Jiyva

Shops:
D:2 ?   D:7 ?   D:13 *   D:15 *   Orc:2 (:[*   Vaults:2 =   Vaults:5 ?
Depths:1 (

Portals:
Hell: Depths:1 Depths:2 Depths:3 Depths:4
Abyss: Depths:3 Depths:4
Pandemonium: Depths:2
Ziggurat: Depths:2
Trove: D:14 (show slimy rune of Zot)

Annotations:
D:2 Natasha
D:3 1 runed translucent door, Crazy Yiuf
D:10 4 runed translucent doors, wildpjah's ghost, journeyman DsGl
Shoals:1 Roxanne
Shoals:2 exclusion: door
Shoals:3 3 runed translucent doors, Detyups's ghost, adept VSFi; Duttonia's ghost, journeyman MeWn; Jizeqel's ghost, journeyman OpCj; Onluw's ghost, adept DsWn
Vaults:2 exclusion: door
Depths:1 1 runed translucent door, exclusion: door
Zot:1 1 transporter
Zot:3 2 transporters, exclusion: obsidian statue


Message History

Aim: a toenail golem The bolt of negative energy hits the toenail golem.
The toenail golem completely resists.
Natasha, Servant of Life and Death comes into view.
You feel yourself speed up.
Natasha hisses angrily.
There is an open door here.
There is an open door here.
There is a stone staircase leading up here.
You climb upwards.
There is a stone staircase leading down here.
An Orb Guardian comes into view.
You see here 2 stones.
Your extra speed is starting to run out.
You feel yourself slow down.
The Orb Guardian attacks as it pursues you!
The Orb Guardian hits you but does no damage.
You closely miss the Orb Guardian. You block the Orb Guardian's attack.
The Orb Guardian closely misses you.
You hit the Orb Guardian but do no damage.
The Orb Guardian misses you.
You closely miss the Orb Guardian.
The Orb Guardian hits you but does no damage.
You block the Orb Guardian's attack.
You closely miss the Orb Guardian.
The Orb Guardian hits you but does no damage.
You slice the Orb Guardian!!
The Orb Guardian is heavily wounded.
You block the Orb Guardian's attack. x2
You closely miss the Orb Guardian.
The Orb Guardian is heavily wounded.
You block the Orb Guardian's attack.
You hit the Orb Guardian.
The Orb Guardian is heavily wounded.
You block the Orb Guardian's attack. x2
You open the Orb Guardian like a pillowcase!!!
You kill the Orb Guardian!
There is an open door here.
There is a staircase leading out of the dungeon here.
You have escaped!

♣♣♣♣♣♣♣♣♣♣♣###
♣@.........'.##
♣...♣♣♣♣♣.♣#..#
♣....♣P♣♣.♣##.#
♣.♣....P♣.♣##.#
♣.♣P.⌠....♣#..####
♣.♣♣....♣♣♣#..#...
♣.♣P...♣♣ #....##
♣.♣♣♣.♣♣ ##>....


♣.PPPP♣ ##.### There were no monsters in sight!

Vanquished Creatures
  A dread lich (Zot:5)
  3 orbs of fire
  4 Killer Klowns (Zot:5)
  Sojobo (Vaults:2)
  Bai Suzhen (Shoals:3)
  Parghit (Zot:4)
  Vashnia (Snake:3)
  2 curse toes
  8 caustic shrikes (Depths:4)
  5 golden dragons
  3 electric golems
  A hellephant (Zot:2)
  10 tentacled monstrosities
  Jorgrun (Snake:2)
  3 liches
  27 Orb Guardians
  A walking earthen tome (Depths:3)
  A walking crystal tome (Depths:3)
  6 quicksilver dragons
  Asterion (Vaults:1)
  3 titans
  4 death cobs
  6 sphinxes
  Agnes (Vaults:2)
  11 shadow dragons
  6 draconian knights
  15 storm dragons
  2 tengu reavers
  10 nagarajas
  3 protean progenitors
  7 draconian monks
  2 deep elf sorcerers (Vaults:5)
  5 fire giants
  3 draconian shifters
  8 frost giants
  3 draconian scorchers
  16 vault wardens
  An iron dragon (Vaults:5)
  2 draconian annihilators
  2 ghost moths
  A reaper (D:3)
  13 ironbound preservers
  2 formless jellyfish
  A spriggan defender (Depths:2)
  A quicksilver ooze (Zot:2)
  6 ironbound thunderhulks
  15 stone giants
  10 very ugly things
  A draconian stormcaller (Zot:2)
  5 deep elf demonologists (Vaults:5)
  2 vampire knights
  A deep elf death mage (Vaults:1)
  10 green draconians
  A dire elephant (D:15)
  6 black draconians
  8 white draconians
  4 spark wasps (Depths:3)
  6 yellow draconians
  A deep elf annihilator (Vaults:5)
  3 war gargoyles (Vaults:5)
  6 red draconians
  8 purple draconians
  2 crystal guardians
  12 yaktaur captains
  11 merfolk impalers
  7 ettins
  A fire dragon (shapeshifter) (D:13)
  9 great orbs of eyes
  2 merfolk javelineers
  2 deep elf high priests (Vaults:5)
  3 entropy weavers (Lair:3)
  Josephine (D:14)
  11 fire dragons
  2 salamander tyrants (Snake:4)
  Erolcha (Orc:1)
  An ice dragon (shapeshifter) (Vaults:5)
  28 vault guards
  4 rakshasas
  3 peacekeepers
  4 ice dragons
  10 centaur warriors
  3 ghost crabs (Lair:3)
  6 hydras
  2 spriggan air magi (Depths:2)
  2 catoblepae
  9 anacondas
  13 ironbound frosthearts
  An alligator snapping turtle (Shoals:3)
  Erica (Orc:1)
  2 merfolk avatars
  A merfolk aquamancer (Shoals:3)
  A satyr (Zot:3)
  8 boulder beetles
  A two-headed ogre (shapeshifter) (Vaults:5)
  2 two-headed ogres
  4 deep troll earth magi
  12 naga warriors
  4 deep troll shamans
  13 naga sharpshooters
  2 orc high priests (Orc:2)
  An occultist (Depths:2)
  2 tengu warriors
  11 hell knights
  3 soul eaters
  4 spriggan berserkers
  9 shock serpents
  7 sun demons
  A goliath frog (Zot:5)
  5 salamander mystics
  A fire crab (shapeshifter) (D:12)
  6 iron trolls
  6 skysharks
  6 fire crabs
  4 skeletal warriors
  36 deep trolls
  6 mana vipers
  A swamp dragon (Lair:5)
  A flayed ghost (Depths:4)
  An orb spider (shapeshifter) (Vaults:5)
  3 naga ritualists
  A glowing orange brain (Depths:4)
  14 sea snakes
  39 harpies
  3 arcanists
  14 phantasmal warriors
  A lindwurm (shapeshifter) (Vaults:5)
  18 ironbound convokers
  3 orc knights
  A golden dragon skeleton (Vaults:4)
  3 deep elf pyromancers
  9 lindwurms
  An orc sorcerer (Orc:2)
  An oklob plant (Lair:5)
  3 wolf spiders
  2 deep elf zephyrmancers
  34 ugly things
  6 necromancers
  12 salamanders
  A frost giant zombie (Vaults:4)
  A moth of wrath (shapeshifter) (Vaults:5)
  18 manticores
  9 cyclopes
  9 elephants
  23 moths of wrath
  11 fauns
  8 guardian serpents
  10 merfolk sirens
  2 kobold blastminers (Orc:2)
  12 naga magi
  15 vault sentinels
  Joseph (Lair:1)
  2 water nymphs (shapeshifter)
  9 water nymphs
  37 black mambas
  An apocalypse crab (Lair:3)
  A torpor snail (shapeshifter) (Vaults:4)
  A smoke demon (Depths:1)
  2 gargoyles
  A rust devil (Zot:5)
  6 torpor snails
  9 cane toads
  3 rime drakes
  An efreet (D:14)
  8 komodo dragons
  An elf zombie (Vaults:2)
  A freezing wraith (Vaults:5)
  2 tengu conjurers
  A kobold demonologist (D:9)
  38 yaktaurs
  3 tyrant leeches (Lair:5)
  6 polar bears
  3 trolls
  19 merfolk
  3 glass eyes
  An elf simulacrum (Vaults:2)
  A raiju (Vaults:4)
  10 blink frogs
  7 wind drakes
  A raiju (shapeshifter) (D:14)
  8 hornets
  7 snapping turtles
  3 dream sheep (Shoals:3)
  2 snapping turtles (shapeshifter)
  28 slime creatures
  3 spriggans
  A jumping spider (Vaults:4)
  2 shadows
  9 wraiths
  A centaur simulacrum (D:15)
  3 hogs
  A slime creature (shapeshifter) (Vaults:5)
  15 water elementals
  25 yaks
  3 basilisks
  16 humans (D:13)
  4 wargs
  3 wyverns
  2 golden eyes
  6 vampire mosquitoes
  A redback (shapeshifter) (Vaults:5)
  5 steam dragons
  30 nagas
  4 acid dragons
  2 swamp drakes
  12 water moccasins
  27 orc warriors
  2 human skeletons (Vaults:4)
  2 black bears
  3 laughing skulls
  3 ice beasts (D:6)
  2 sky beasts
  An ice beast (shapeshifter) (Vaults:5)
  2 crocodiles
  2 ogres
  7 boggarts
  9 centaurs
  21 wolves
  A human zombie (Vaults:2)
  2 phantoms
  6 scorpions
  12 bullfrogs
  A brain worm (D:5)
  3 wights
  A ballistomycete (Lair:2)
  A hornet simulacrum (D:15)
  4 killer bees
  A howler monkey (D:11)
  2 vampire bats
  An electric eel (Lair:3)
  A bombardier beetle (D:7)
  4 hounds
  12 jellies
  17 orc priests
  7 iguanas
  Ijyb (D:3)
  Natasha (twice) (D:2)
  22 orc wizards
  5 hell rats (Lair:2)
  3 gnolls
  9 adders
  A shadow imp (D:8)
  A white imp (D:7)
  3 dart slugs
  3 ribbon worms
  75 orcs
  15 bats
  2 bat skeletons (D:5)
  4 bat zombies (D:5)
  9 endoplasms
  7 giant cockroaches
  4 goblins
  4 hobgoblins
  10 jackals
  6 quokkas
  8 ball pythons
  A frilled lizard (D:8)
  A goblin skeleton (D:10)
  6 kobolds
  8 rats
  2 aspiring fleshes (Zot:3)
  A spectral weapon (Vaults:1)
1646 creatures vanquished.

Vanquished Creatures (collateral kills)
  Mara (Vaults:3)
  Saint Roka (Orc:2)
  5 Killer Klowns (Zot:5)
  A tentacled monstrosity (Vaults:5)
  A titan (Vaults:5)
  A sphinx (Vaults:5)
  A tengu reaver (Vaults:5)
  A storm dragon (Vaults:5)
  2 nagarajas (Snake:4)
  Aizul (Snake:3)
  A draconian knight (Zot:1)
  A ghost moth (Zot:5)
  A draconian shifter (Zot:5)
  A draconian monk (Zot:1)
  2 vault wardens (Vaults:5)
  A deep elf sorcerer (Vaults:5)
  A draconian scorcher (Zot:5)
  3 ironbound preservers
  A red draconian (Zot:5)
  A great orb of eyes (Orc:2)
  An ironbound frostheart (Vaults:2)
  An ice dragon (Lair:5)
  2 vault guards (Vaults:5)
  A boulder beetle (D:11)
  An anaconda (Snake:4)
  5 naga warriors (Snake:4)
  An occultist (Depths:1)
  An orc high priest (Orc:2)
  A hell knight (Depths:1)
  A naga sharpshooter (D:13)
  2 iron trolls (Depths:1)
  2 deep trolls (Depths:1)
  A naga ritualist (Snake:4)
  2 ironbound convokers (Vaults:5)
  A phantasmal warrior (Vaults:5)
  A harpy (Shoals:3)
  A lindwurm (Lair:5)
  3 orc knights
  A salamander (Snake:4)
  A cyclops (Shoals:3)
  A rust devil (Depths:2)
  A water nymph (Shoals:3)
  A kobold demonologist (D:11)
  A freezing wraith (D:10)
  2 trolls
  A hornet (Lair:5)
  A dream sheep (Shoals:3)
  A slime creature (Vaults:3)
  3 nagas
  15 orc warriors
  An ogre (Orc:2)
  A kobold brigand (D:9)
  A gnoll sergeant (D:10)
  2 orc priests
  A hound (D:13)
  An iguana (D:13)
  4 orc wizards (Orc:2)
  22 orcs
  6 kobolds
124 creatures vanquished.

Vanquished Creatures (others)
  A nagaraja (Snake:4)
  A draconian scorcher (Zot:5)
  A war gargoyle (Vaults:2)
  A white draconian (Zot:2)
  A rakshasa (Depths:3)
  Psyche (D:9)
  An orc priest (Orc:2)
  2 kobolds (D:9)
  A ballistomycete spore (Lair:2)
10 creatures vanquished.

Grand Total: 1780 creatures vanquished

Notes
Turn   | Place    | Note
-------+----------+-------------------------------------------
     0 | D:1      | whatisthis the Hill Orc Monk began the quest for the Orb.
     0 | D:1      | Reached XP level 1. HP: 19/19 MP: 1/1
   260 | D:1      | Reached XP level 2. HP: 27/27 MP: 2/2
   631 | D:2      | Reached XP level 3. HP: 33/34 MP: 3/3
   670 | D:2      | Reached skill level 5 in Axes
   695 | D:2      | Noticed Natasha
   705 | D:2      | Killed Natasha
   706 | D:2      | Reached XP level 4. HP: 41/41 MP: 4/4
   822 | D:2      | Found Faeruji's Magic Scroll Shoppe.
   829 | D:2      | Bought a scroll of identify for 26 gold pieces
  1022 | D:2      | Reached skill level 5 in Fighting
  1333 | D:2      | Reached XP level 5. HP: 46/48 MP: 5/5
  1411 | D:2      | Noticed Natasha
  1418 | D:2      | Killed Natasha
  1778 | D:3      | Noticed Ijyb
  1796 | D:3      | Killed Ijyb
  1970 | D:3      | Found a shadowy altar of Dithmenos.
  2110 | D:3      | Found a runed translucent door.
  2111 | D:3      | Noticed Crazy Yiuf
  2286 | D:4      | Reached skill level 1 in Armour
  2286 | D:4      | Reached XP level 6. HP: 44/57 MP: 6/6
  2397 | D:4      | Found a staircase to the Ecumenical Temple.
  2404 | D:4      | Found a white marble altar of Elyvilon.
  2435 | Temple   | Entered the Ecumenical Temple
  2441 | Temple   | Became a worshipper of Nemelex Xobeh the Trickster
  2441 | Temple   | Reached * piety under Nemelex Xobeh
  2441 | Temple   | Received a gift from Nemelex Xobeh
  2441 | Temple   | Reached ** piety under Nemelex Xobeh
  2505 | D:4      | Identified the +3 leather armour of Fanaticism {Slay+2}
  2521 | D:4      | Reached skill level 1 in Invocations
  2642 | D:4      | Reached XP level 7. HP: 54/64 MP: 6/8
  2936 | D:5      | Entered Level 5 of the Dungeon
  3221 | D:5      | Received a gift from Nemelex Xobeh
  3223 | D:5      | Found a shimmering altar of Xom.
  3227 | D:5      | Found a shimmering altar of Xom.
  3227 | D:5      | Found a shimmering altar of Xom.
  3229 | D:5      | Found a shimmering altar of Xom.
  3229 | D:5      | Found a shimmering altar of Xom.
  3481 | D:5      | Found an ancient bone altar of Kikubaaqudgha.
  3662 | D:5      | Found a hazy altar of Hepliaklqana.
  3725 | D:6      | Reached XP level 8. HP: 65/74 MP: 11/11
  3851 | D:6      | Found a glowing drain.
  3859 | Sewer    | Entered a sewer
  4088 | D:6      | Reached skill level 5 in Invocations
  4151 | D:6      | Found a hide-covered altar of Uskayaw.
  4153 | D:6      | Found a glowing silver altar of Zin.
  4153 | D:6      | Reached *** piety under Nemelex Xobeh
  4153 | D:6      | Found a blossoming altar of Fedhas.
  4547 | D:6      | Reached skill level 1 in Shields
  5061 | D:6      | Reached XP level 9. HP: 38/82 MP: 13/13
  5652 | D:7      | Received a gift from Nemelex Xobeh
  5834 | D:7      | Found a stormy altar of Qazlal.
  6281 | D:7      | Found a burning altar of Makhleb.
  6281 | D:7      | Noticed a green death
  6284 | D:7      | Noticed an orange demon
  6289 | D:7      | Found Azoeg's Magic Scroll Boutique.
  6303 | D:7      | Reached skill level 10 in Axes
  6303 | D:7      | Reached **** piety under Nemelex Xobeh
  6603 | D:8      | Noticed a two-headed ogre
  6649 | D:8      | Received a gift from Nemelex Xobeh
  7395 | D:7      | Reached skill level 10 in Fighting
  7395 | D:7      | Reached XP level 10. HP: 63/93 MP: 16/16
  7890 | D:8      | Received a gift from Nemelex Xobeh
  7983 | D:9      | Found a broken altar of Ashenzari.
  8020 | D:8      | Killed a two-headed ogre
  8021 | D:8      | Reached skill level 5 in Armour
  8120 | D:9      | Found a staircase to the Orcish Mines.
  8266 | D:9      | Received a gift from Nemelex Xobeh
  8388 | D:9      | Noticed a kobold demonologist
  8401 | D:9      | Killed a kobold demonologist
  8448 | D:9      | Noticed a manticore
  8449 | D:9      | a manticore changed into a black bear
  8605 | D:9      | Found an iron altar of Okawaru.
  8667 | D:9      | Reached ***** piety under Nemelex Xobeh
  8826 | D:9      | Noticed Psyche
  8827 | D:9      | Identified the +2 trident "Boimughe" {antimagic, rC+}
  8833 | D:9      | Killed Psyche
  9184 | D:9      | Reached skill level 10 in Invocations
  9523 | D:10     | Entered Level 10 of the Dungeon
  9545 | D:10     | Noticed a two-headed ogre
  9554 | D:10     | Killed a two-headed ogre
  9555 | D:10     | Reached XP level 11. HP: 91/102 MP: 18/18
  9601 | D:10     | Received a gift from Nemelex Xobeh
  9623 | D:10     | Found a runed translucent gate.
  9623 | D:10     | Found a runed translucent gate.
  9623 | D:10     | Found a runed translucent gate.
  9623 | D:10     | Noticed wildpjah's ghost (journeyman DsGl)
  9729 | D:10     | Noticed a cyclops
  9766 | D:10     | Found a flagged portal.
  9781 | Bailey   | Entered a bailey
  9934 | Bailey   | Found a large runed translucent door.
  9934 | Bailey   | Found a large runed translucent door.
  9935 | Bailey   | Noticed a deep elf pyromancer
  9935 | Bailey   | Noticed an orc knight
  9948 | Bailey   | Killed an orc knight
 10069 | Bailey   | Killed a deep elf pyromancer
 10185 | D:10     | Paralysed by a hornet for 3 turns
 10196 | D:10     | Paralysed by a hornet for 3 turns
 10335 | D:10     | Found a runed translucent door.
 10339 | D:10     | Found a basalt altar of Yredelemnul.
 10343 | D:10     | Noticed Urug
 10357 | D:10     | Urug changed into Urug the entropy weaver
 10357 | D:10     | Noticed Urug
 10366 | D:10     | Urug the entropy weaver changed into Urug the crocodile
 10366 | D:10     | Noticed Urug
 10369 | D:10     | Killed Urug the crocodile
 10458 | D:10     | Found a staircase to the Lair.
 10713 | D:11     | Received a gift from Nemelex Xobeh
 11277 | D:11     | Noticed a boulder beetle
 11301 | D:11     | Killed a boulder beetle
 11398 | D:11     | Found a frozen archway.
 11465 | D:11     | Found a glowing silver altar of Zin.
 11748 | D:12     | Noticed a deep elf pyromancer
 11750 | D:12     | Killed a deep elf pyromancer
 11783 | D:12     | Noticed a deep elf pyromancer
 11785 | D:12     | Killed a deep elf pyromancer
 11810 | D:12     | a raiju changed into a fire crab
 11810 | D:12     | Noticed a fire crab (shapeshifter)
 11815 | D:12     | Killed a fire crab
 11996 | D:12     | Received a gift from Nemelex Xobeh
 12023 | D:12     | Noticed a cyclops
 12035 | D:12     | Noticed a manticore
 12053 | D:12     | Killed a manticore
 12054 | D:12     | Reached XP level 12. HP: 34/113 MP: 20/20
 12648 | Lair:1   | Entered Level 1 of the Lair of Beasts
 12833 | Lair:1   | Noticed a six-headed hydra
 12984 | Lair:1   | Killed a six-headed hydra
 13037 | Lair:1   | Received a gift from Nemelex Xobeh
 13175 | Lair:1   | Reached ****** piety under Nemelex Xobeh
 13345 | Lair:1   | Noticed Joseph
 13348 | Lair:1   | Killed Joseph
 13675 | Lair:2   | Received a gift from Nemelex Xobeh
 13909 | Lair:2   | Identified the +2 robe of Iggaok {rElec rCorr Str+2}
 13951 | Lair:2   | Identified the +0 ring mail "Watycov" {Harm Fly rPois
                  | Int+3}
 14073 | Lair:2   | Received a gift from Nemelex Xobeh
 14194 | Lair:2   | Reached skill level 15 in Axes
 14392 | Lair:2   | Received a gift from Nemelex Xobeh
 14393 | Lair:2   | Noticed a six-headed hydra
 14400 | Lair:2   | Killed a six-headed hydra
 14510 | Lair:2   | Found a staircase to the Snake Pit.
 15181 | Lair:3   | Noticed a boulder beetle
 15202 | Lair:3   | Killed a boulder beetle
 15203 | Lair:3   | Reached XP level 13. HP: 124/124 MP: 23/23
 15250 | Lair:3   | Received a gift from Nemelex Xobeh
 15455 | Lair:3   | Received a gift from Nemelex Xobeh
 15689 | Lair:3   | Found a runed translucent door.
 15833 | Lair:3   | Found a staircase to the Shoals.
 16153 | Lair:4   | Found a staircase to the Slime Pits.
 16154 | Lair:4   | Found a viscous altar of Jiyva.
 16346 | Lair:4   | Received a gift from Nemelex Xobeh
 16572 | Lair:4   | Identified the +1 ring mail of Decompression {rN+ Regen+
                  | Int-5 Dex+3}
 16689 | Lair:4   | Reached skill level 15 in Fighting
 16776 | Lair:4   | Reached skill level 15 in Invocations
 17078 | Lair:5   | Entered Level 5 of the Lair of Beasts
 17550 | Lair:5   | Received a gift from Nemelex Xobeh
 17745 | Lair:5   | Identified the +10 falchion of the Gloaming {chaos, rElec
                  | rC+ Str+2 Dex+2}
 17759 | Lair:5   | Identified a scroll of acquirement
 17792 | Lair:4   | Acquired a +4 heavy broad axe
 18023 | Lair:5   | Noticed a fire dragon
 18113 | Lair:5   | Reached XP level 14. HP: 135/136 MP: 25/25
 19078 | Lair:5   | Received a gift from Nemelex Xobeh
 19681 | D:11     | Reached skill level 5 in Shields
 20076 | D:13     | Found Xoydism's Serpentskin Sales.
 21220 | D:13     | Got the Encyclopedia of the Burn and Guile
 21737 | D:13     | Found a gate to the Vaults.
 21914 | D:14     | Received a gift from Nemelex Xobeh
 21915 | D:14     | Found a blossoming altar of Fedhas.
 21925 | D:14     | Reached XP level 15. HP: 132/147 MP: 27/27
 22044 | D:14     | Reached skill level 10 in Armour
 22385 | D:14     | Noticed Josephine
 22393 | D:14     | Killed Josephine
 22831 | D:14     | Received a gift from Nemelex Xobeh
 22889 | D:14     | Found a portal to a secret trove of treasure.
 23282 | D:15     | Entered Level 15 of the Dungeon
 23942 | D:14     | Acquired 888 gold pieces
 24036 | D:15     | Noticed an emperor scorpion
 24412 | D:15     | an emperor scorpion changed into an acid dragon
 24504 | D:15     | Found a staircase to the Depths.
 24624 | D:15     | Found Ziogg's Fire Supplies.
 25254 | D:15     | Received a gift from Nemelex Xobeh
 25493 | Orc:1    | Entered Level 1 of the Orcish Mines
 25634 | Orc:1    | Received a gift from Nemelex Xobeh
 25808 | Orc:1    | Found a roughly hewn altar of Beogh.
 25811 | Orc:1    | Noticed Erolcha
 25935 | Orc:1    | Noticed Erica
 25936 | Orc:1    | Killed Erolcha
 25937 | Orc:1    | Reached skill level 10 in Shields
 25939 | Orc:1    | Killed Erica
 26079 | Orc:1    | Received a gift from Nemelex Xobeh
 26273 | Orc:2    | Entered Level 2 of the Orcish Mines
 26351 | Orc:2    | Noticed Rupert
 26354 | Orc:2    | Rupert changed into Rupert the great orb of eyes
 26354 | Orc:2    | Noticed Rupert
 26356 | Orc:2    | Killed Rupert the great orb of eyes
 26362 | Orc:2    | Found a roughly hewn altar of Beogh.
 26656 | Orc:2    | Found a staircase to the Elven Halls.
 26656 | Orc:2    | Noticed Saint Roka
 26674 | Orc:2    | Killed Saint Roka
 26703 | Orc:2    | Received a gift from Nemelex Xobeh
 26746 | Orc:2    | Noticed an orc warlord
 26777 | Orc:2    | an orc warlord changed into a boulder beetle
 26788 | Orc:2    | Reached XP level 16. HP: 143/160 MP: 28/28
 27309 | Orc:2    | Found Ozecwu Eferi's Antique Armour Emporium.
 27309 | Orc:2    | Found Ticof's Antique Weapon Shoppe.
 27311 | Orc:2    | Found Vaonk's General Store.
 27311 | Orc:2    | Found Ynaraufi's Book Emporium.
 27687 | Orc:2    | Bought a scroll of identify for 30 gold pieces
 27687 | Orc:2    | Bought a potion of heal wounds for 75 gold pieces
 27687 | Orc:2    | Bought a scroll of identify for 30 gold pieces
 27704 | Orc:2    | Bought an ancient plate armour for 672 gold pieces
 27704 | Orc:2    | Identified the +0 plate armour "Fehiq" {rCorr} (You bought
                  | it in a shop on level 2 of the Orcish Mines)
 27704 | Orc:2    | Bought a pair of glowing boots for 180 gold pieces
 27828 | D:7      | Bought a scroll of identify for 20 gold pieces
 27828 | D:7      | Bought a scroll of enchant armour for 75 gold pieces
 27828 | D:7      | Bought a scroll of enchant armour for 75 gold pieces
 27828 | D:7      | Bought a scroll of identify for 20 gold pieces
 27828 | D:7      | Bought a scroll of teleportation for 30 gold pieces
 27828 | D:7      | Bought a scroll of identify for 20 gold pieces
 27828 | D:7      | Bought a scroll of enchant armour for 75 gold pieces
 27828 | D:7      | Bought a scroll of identify for 20 gold pieces
 27960 | D:2      | Bought a scroll of identify for 26 gold pieces
 27960 | D:2      | Bought a scroll of identify for 26 gold pieces
 27960 | D:2      | Bought a scroll of blinking for 97 gold pieces
 27960 | D:2      | Bought a scroll of teleportation for 39 gold pieces
 27960 | D:2      | Bought a scroll of fear for 52 gold pieces
 27960 | D:2      | Bought a scroll of identify for 26 gold pieces
 27960 | D:2      | Bought a scroll of silence for 123 gold pieces
 28242 | Snake:1  | Entered Level 1 of the Snake Pit
 28429 | Lair:2   | Acquired the ring "Ycoigoadd" {*Corrode EV+5 Str+8 Int-2
                  | Dex+2}
 28564 | Lair:2   | Reached XP level 17. HP: 168/168 MP: 29/29
 28654 | Snake:1  | Received a gift from Nemelex Xobeh
 28769 | Snake:1  | Found a hide-covered altar of Uskayaw.
 28969 | Snake:1  | Identified the +0 plate armour of Kindness {rF+ Regen+
                  | Dex-2}
 29107 | Snake:2  | Received a gift from Nemelex Xobeh
 29463 | Snake:2  | Received a gift from Nemelex Xobeh
 29854 | Snake:2  | Identified the maw talisman "Ekum" {Int+3}
 30520 | Snake:3  | Noticed Jorgrun
 30545 | Snake:2  | Killed Jorgrun
 31127 | Snake:3  | Noticed Vashnia
 31143 | Snake:3  | Killed Vashnia
 31500 | Snake:3  | Reached XP level 18. HP: 133/180 MP: 30/30
 31659 | Snake:3  | Identified the serpent talisman "Amerone" {rF+ rN+}
 31659 | Snake:3  | Noticed Aizul
 31675 | Snake:3  | Killed Aizul
 32011 | Snake:4  | Entered Level 4 of the Snake Pit
 32487 | Snake:4  | Received a gift from Nemelex Xobeh
 33237 | Snake:4  | HP: 4/182 [nagaraja/+0 spear (31)]
 33715 | Snake:4  | Got a serpentine rune of Zot
 34290 | Snake:4  | Reached skill level 15 in Shields
 34316 | Snake:4  | Received a gift from Nemelex Xobeh
 35383 | Lair:3   | Identified the +2 acid dragon scales of the Cooper {rF+
                  | rCorr Str-5 Dex+3 SInv}
 35484 | Shoals:1 | Entered Level 1 of the Shoals
 35494 | Shoals:1 | Identified the granite talisman of Zeiso {Int+2 SInv}
 35494 | Shoals:1 | Noticed Roxanne
 35612 | Shoals:1 | Received a gift from Nemelex Xobeh
 36039 | Shoals:1 | Received a gift from Nemelex Xobeh
 36101 | Shoals:1 | Reached XP level 19. HP: 189/189 MP: 31/31
 36155 | Shoals:1 | Noticed Kirke
 36160 | Shoals:1 | Noticed Kirke
 36162 | Shoals:1 | Killed Kirke the ettin
 36961 | Shoals:2 | Received a gift from Nemelex Xobeh
 36976 | Shoals:2 | You fall into a shaft and drop 1 floor!
 37341 | Shoals:2 | Received a gift from Nemelex Xobeh
 37916 | Shoals:3 | Noticed Bai Suzhen
 37928 | Shoals:3 | Killed Bai Suzhen
 38038 | Shoals:3 | Found a runed translucent gate.
 38038 | Shoals:3 | Found a runed translucent gate.
 38038 | Shoals:3 | Found a runed translucent gate.
 38038 | Shoals:3 | Noticed Jizeqel's ghost (journeyman OpCj)
 38039 | Shoals:3 | Noticed Duttonia's ghost (journeyman MeWn)
 38039 | Shoals:3 | Noticed Onluw's ghost (adept DsWn)
 38039 | Shoals:3 | Noticed Detyups's ghost (adept VSFi)
 38226 | Shoals:4 | Entered Level 4 of the Shoals
 38267 | Shoals:4 | Identified the amulet "Zoiweecw" {Reflect Rampage rPois rC+
                  | SH+5}
 38401 | Shoals:4 | Received a gift from Nemelex Xobeh
 39018 | Shoals:4 | Got a barnacled rune of Zot
 39125 | Shoals:4 | Paralysed by a formless jellyfish for 1 turns
 39335 | Shoals:4 | Received a gift from Nemelex Xobeh
 39619 | Shoals:4 | Identified the +1 robe of Yquc {Harm}
 39774 | Shoals:4 | Identified the +6 trident "Rebaall" {drain, Will+}
 40151 | Vaults:1 | Entered Level 1 of the Vaults
 40280 | Vaults:1 | Reached XP level 20. HP: 188/200 MP: 33/33
 40332 | Vaults:1 | Identified the -1 trident of Success {freeze, +Blink rN+
                  | Dex+3}
 40496 | Vaults:1 | Reached skill level 15 in Armour
 40601 | Vaults:1 | Received a gift from Nemelex Xobeh
 40869 | Vaults:1 | Noticed Asterion
 40879 | Vaults:1 | Killed Asterion
 41293 | Vaults:1 | Received a gift from Nemelex Xobeh
 42139 | Vaults:1 | Identified the amulet "Upoeckao" {Faith -Tele rN+ Int+3}
 42372 | Vaults:2 | Received a gift from Nemelex Xobeh
 42491 | Vaults:2 | Received a gift from Nemelex Xobeh
 42978 | Vaults:2 | Found Eresuxio's Jewellery Emporium.
 42998 | Vaults:2 | Received a gift from Nemelex Xobeh
 43621 | Vaults:2 | Noticed Sojobo
 43621 | Vaults:2 | Identified the +0 trident of the Eternal Warrior {flame,
                  | ^Contam rPois rC+++ Dex-4}
 43628 | Vaults:2 | Paralysed by an air elemental for 1 turns
 43631 | Vaults:2 | Killed Sojobo
 43753 | Vaults:2 | Noticed Agnes
 43758 | Vaults:2 | Killed Agnes
 43773 | Vaults:2 | Got the Handbook of Hazy Spellbinding
 43833 | Vaults:2 | Received a gift from Nemelex Xobeh
 44392 | Vaults:3 | Reached XP level 21. HP: 204/211 MP: 34/34
 44479 | Vaults:3 | Identified the +2 executioner's axe of Malum Prohibitum
                  | {pain, *Noise rCorr Str+9}
 44680 | Vaults:3 | Received a gift from Nemelex Xobeh
 44893 | Vaults:3 | Found the ring of the Octopus King
 44898 | Vaults:3 | Identified a ring of the Octopus King {HP+2 AC+2 EV+2 SH+2
                  | SInv}
 45476 | Vaults:3 | Received a gift from Nemelex Xobeh
 45507 | Vaults:3 | Found a staircase to the Crypt.
 46045 | Vaults:4 | Paralysed by a sphinx for 4 turns
 46226 | Vaults:4 | Noticed Mara
 46238 | Vaults:3 | Killed Mara
 46796 | Vaults:4 | Received a gift from Nemelex Xobeh
 47337 | Vaults:4 | Received a gift from Nemelex Xobeh
 47870 | Depths:1 | Entered Level 1 of the Depths
 47939 | Depths:1 | Received a gift from Nemelex Xobeh
 48135 | Depths:1 | Received a gift from Nemelex Xobeh
 48136 | Abyss:2  | Cast into level 2 of the Abyss (an occultist)
 48154 | Depths:1 | Escaped the Abyss
 48268 | Depths:1 | Found Etihaem's Weapon Shop.
 48330 | Depths:1 | Found a runed translucent door.
 48403 | Depths:1 | Received a gift from Nemelex Xobeh
 48722 | Depths:1 | Received a gift from Nemelex Xobeh
 48870 | Depths:1 | Found a gateway to Hell.
 49183 | Depths:2 | Reached XP level 22. HP: 222/222 MP: 36/36
 49302 | Depths:2 | Identified the ring "Leel Mao" {Fly Dex+3}
 49407 | Depths:2 | Identified the amulet of Neoluh {Spirit rElec Will+ rCorr}
 49431 | Depths:2 | Paralysed by a vampire knight for 3 turns
 50025 | Depths:2 | Found a one-way gateway to a ziggurat.
 50030 | Depths:2 | Received a gift from Nemelex Xobeh
 50055 | Depths:2 | Found a one-way gate leading to the halls of Pandemonium.
 50158 | Depths:2 | Identified the +7 broad axe of Vooqurer {elec, Int+6
                  | Stlth-}
 50176 | Depths:2 | Identified the +5 scale mail "Jiczoss" {Regen+ rCorr Int+3
                  | Dex+4}
 50729 | Depths:3 | Found a one-way gate to the infinite horrors of the Abyss.
 50867 | Depths:3 | Noticed a golden dragon
 50945 | Depths:2 | Killed a golden dragon
 51489 | Depths:3 | Received a gift from Nemelex Xobeh
 51898 | Depths:4 | Entered Level 4 of the Depths
 51898 | Depths:4 | Noticed a caustic shrike
 51899 | Depths:4 | Noticed a caustic shrike
 51899 | Depths:4 | Noticed a caustic shrike
 52592 | Depths:4 | Found a stormy altar of Qazlal.
 52670 | Depths:4 | Noticed a caustic shrike
 52670 | Depths:4 | Noticed a caustic shrike
 52671 | Depths:4 | Noticed a caustic shrike
 52679 | Depths:4 | Killed a caustic shrike
 52680 | Depths:4 | Killed a caustic shrike
 52682 | Depths:4 | Killed a caustic shrike
 52692 | Depths:4 | Noticed a caustic shrike
 52693 | Depths:4 | Killed a caustic shrike
 52693 | Depths:4 | Noticed a caustic shrike
 52700 | Depths:4 | Killed a caustic shrike
 52703 | Depths:4 | Killed a caustic shrike
 52703 | Depths:4 | Killed a caustic shrike
 52706 | Depths:4 | Killed a caustic shrike
 52707 | Depths:4 | Reached XP level 23. HP: 209/234 MP: 38/38
 52798 | Depths:4 | Received a gift from Nemelex Xobeh
 52893 | Depths:3 | Acquired 799 gold pieces
 52894 | Depths:3 | Acquired 648 gold pieces
 52895 | Depths:3 | Acquired 729 gold pieces
 53191 | Depths:4 | Found a gate to the Realm of Zot.
 53858 | Vaults:5 | Entered Level 5 of the Vaults
 54229 | Vaults:5 | Found Tidiumm's Magic Scroll Boutique.
 54575 | Vaults:5 | Received a gift from Nemelex Xobeh
 54833 | Vaults:5 | Identified the +2 leather armour "Myifra Komiu" {^Drain
                  | rElec Int+3 Slay+2 Stlth+}
 54837 | Vaults:5 | Identified the +1 trident of Boshoc {flame, rElec Str-4
                  | Int+6}
 54840 | Vaults:5 | Paralysed by a sphinx for 5 turns
 54901 | Vaults:5 | Identified the +5 long sword of Death's Door {antimagic,
                  | *Noise ^Fragile rC+++ Int+5 Stlth+}
 55538 | Vaults:5 | Got a silver rune of Zot
 55675 | Vaults:5 | Noticed a golden dragon
 55686 | Vaults:5 | Reached skill level 27 in Fighting
 55687 | Vaults:5 | Killed a golden dragon
 55688 | Vaults:5 | Reached XP level 24. HP: 236/249 MP: 39/39
 55853 | Vaults:5 | Got Omofuf's Lectures on Reformation and Transportation
 55936 | Vaults:5 | Received a gift from Nemelex Xobeh
 56009 | Vaults:5 | Bought a scroll of fear for 60 gold pieces
 56009 | Vaults:5 | Bought a scroll of teleportation for 45 gold pieces
 56009 | Vaults:5 | Bought a scroll of blinking for 112 gold pieces
 56009 | Vaults:5 | Bought a scroll of silence for 142 gold pieces
 56034 | Vaults:5 | Acquired a manual of Axes
 56036 | Vaults:5 | Acquired 636 gold pieces
 56037 | Vaults:5 | Acquired the +2 helmet of the Heavens {rF+ Will+ Int+4
                  | Slay+2}
 56374 | Vaults:5 | Upgraded the game from 0.32-a0-7-ge934b4519a to
                  | 0.32-a0-12-g7fc57aa741
 56790 | Zot:1    | Entered Level 1 of the Realm of Zot
 56866 | Zot:1    | Found a transporter.
 56872 | Zot:1    | Reached skill level 5 in Throwing
 56944 | Zot:1    | Received a gift from Nemelex Xobeh
 57372 | Zot:1    | Received a gift from Nemelex Xobeh
 57488 | Zot:1    | Identified the +7 arbalest of Majestic Honour {drain,
                  | Str+2}
 57523 | Zot:1    | Received a gift from Nemelex Xobeh
 57958 | Orc:2    | Bought the +1 pair of boots of the Giraffatuar {rElec} for
                  | 352 gold pieces
 58710 | Zot:2    | Identified the +9 hand axe "Fanta" {vamp, ^Drain rF++
                  | Str+5}
 59119 | Zot:2    | Received a gift from Nemelex Xobeh
 59463 | Zot:2    | Noticed a curse toe
 59470 | Zot:2    | Killed a curse toe
 59623 | Zot:3    | Noticed an orb of fire
 59684 | Zot:3    | Found a transporter.
 59686 | Zot:3    | Noticed a Killer Klown
 60098 | Zot:3    | Received a gift from Nemelex Xobeh
 60203 | Zot:3    | Identified the ring "Fyl Jees" {Ice Str+3 Dex+6}
 60207 | Zot:3    | Found a transporter.
 60417 | Zot:3    | Noticed a curse toe
 60433 | Zot:3    | Killed a curse toe
 61143 | Zot:4    | Noticed Parghit
 61495 | Zot:3    | Killed an orb of fire
 61544 | Zot:3    | Received a gift from Nemelex Xobeh
 61663 | Zot:3    | Reached XP level 25. HP: 250/257 MP: 40/40
 61966 | Zot:4    | Reached skill level 27 in Invocations
 62101 | Zot:4    | Killed Parghit
 62297 | Zot:5    | Entered Level 5 of the Realm of Zot
 62387 | Zot:5    | Reached skill level 10 in Throwing
 63103 | Zot:5    | Received a gift from Nemelex Xobeh
 63128 | Zot:5    | Noticed a Killer Klown
 63412 | Zot:5    | Noticed an orb of fire
 63412 | Zot:5    | Noticed a Killer Klown
 63458 | Zot:5    | Noticed a dread lich
 63461 | Zot:5    | Noticed a Killer Klown
 63465 | Zot:5    | Noticed an orb of fire
 63483 | Zot:5    | Paralysed by a dread lich for 3 turns
 63696 | Zot:5    | Killed a dread lich
 63709 | Zot:5    | Killed a Killer Klown
 63763 | Zot:5    | Noticed a Killer Klown
 63794 | Zot:5    | Killed a Killer Klown
 63944 | Zot:5    | Killed a Killer Klown
 63952 | Zot:5    | Killed an orb of fire
 64456 | Zot:5    | Noticed a Killer Klown
 64463 | Zot:5    | Noticed a Killer Klown
 64464 | Zot:5    | Noticed a Killer Klown
 64465 | Zot:5    | Noticed a Killer Klown
 64465 | Zot:5    | Killed a Killer Klown
 64466 | Zot:5    | Noticed a Killer Klown
 64467 | Zot:5    | Killed an orb of fire
 64470 | Zot:5    | Noticed a Killer Klown
 64470 | Zot:5    | Killed a Killer Klown
 64471 | Zot:5    | Killed a Killer Klown
 64476 | Zot:5    | Killed a Killer Klown
 64707 | Zot:5    | Killed a Killer Klown
 64763 | Zot:5    | Killed a Killer Klown
 65174 | Zot:5    | Got the Orb of Zot
 65469 | Depths:2 | Identified the +4 demon trident of Pyim Fau {vamp, Fly rF+}
 65518 | D:15     | Noticed Tuez the pandemonium lord
 65792 | D:3      | Reached XP level 26. HP: 266/266 MP: 40/40
 65795 | D:3      | Reached skill level 15 in Throwing
 65829 | D:2      | Noticed Natasha
 65928 | D:$      | Escaped with the Orb!

Illustrated notes

Levels and vault maps discovered:
D:1:      psy_arrival_fountain, layout_basic, supply_closet_lemuel,
          serial_park_tiny_pond
D:2:      cheibrodos_pilgrimage, layout_loops_corners, serial_shops,
          nicolae_square_shop, uniq_natasha
D:3:      layout_basic, nicolae_overflow_crystal_walls, uniq_ijyb,
          uniq_crazy_yiuf_cottage
D:4:      layout_cave_pools, mainiacjoe_overflow_surrounded_room,
          minmay_temple_entry_mist, kennysheep_boxes
D:5:      layout_rooms, marbit_many_paths, xom_redecorated,
          kennysheep_vampire_church, minmay_strange_pillars,
          kennysheep_generic_room_6
D:6:      layout_basic, grunt_temple_overflow_open,
          mainiacjoe_sewer_entry_somewhere_in_here_2
D:7:      layout_basic, makhleb_altar_promises_db,
          mainiacjoe_overflow_tiny_flanked, serial_shops, shop_scrolls,
          corexii_item_surrounded_by_moat
D:8:      layout_gridville
D:9:      layout_stronghold, mainiacjoe_overflow_alcove_2,
          mainiacjoe_overflow_catwalk, orc_0_dummy, uniq_psyche
D:10:     layout_cross, dk_yredelemnul_ordeal, lair_entry_dummy,
          gammafunk_ghost_nasty_kobolds, enter_bailey_2, lightli_corner_chamber,
          uniq_urug
D:11:     layout_cave_pools, portal_ice_cave_entry_pillars_2, st_stairs_9,
          zin_treasury
D:12:     layout_irregular_city
D:13:     minmay_cut_squares, layout_rooms, grunt_vaults_entry_tiered,
          guppyfry_shop_venom
D:14:     layout_loops_corners, fedhas_altar_1, enter_trove_0, uniq_josephine
D:15:     hangedman_depths_entry_try_elsewhere_first, layout_basic,
          chequers_serial_rivers_micro_b, nrook_uturn, nicolae_shop_fire_sale
          [nicolae_sub_dead_trees]
Temple:   nicolae_temple_cloud_nine
Lair:1:   layout_gridlike, lemuel_fruit_tree, uniq_joseph
Lair:2:   layout_long_grid, dummy_snake_entry
Lair:3:   gammafunk_mikee_crab_dinner, layout_chaotic_city,
          elwin_shoals_entry_rocks, minivault_19, patterned_corridor,
          serial_bayou_shore_a
Lair:4:   layout_big_grid, minmay_slime_entry_jelly_boxes, minivault_19,
          roderic_batcave, grunt_forest_large_clearings
Lair:5:   guppyfry_lair_end_dragon, layout_layer_cave, wormcave,
          minmay_lair_oklob_bushes, serial_bayou_shore_b
Shoals:1: layout_shoals, nicolae_shoals_water_elemental_grotto, uniq_roxanne,
          uniq_kirke
Shoals:2: layout_shoals, nicolae_shoals_spring_well_temple
Shoals:3: layout_shoals, gammafunk_ghost_cemetery, uniq_bai_suzhen
Shoals:4: shoals_end_grunt_ice, layout_shoals
Snake:1:  layout_onion_interference, basic_altar
Snake:2:  layout_misc_corridors, st_stairs_6
Snake:3:  layout_onion_interference, minmay_snake_pond, grunt_megastairs_5,
          uniq_vashnia, uniq_aizul, uniq_jorgrun
Snake:4:  grunt_snake_rune_spirals, layout_onion_interference,
          hangedman_snake_pattern
Orc:1:    layout_caves, nicolae_orc_lost_temple, uniq_erolcha, uniq_erica
Orc:2:    st_orc_congregation, layout_caves, basic_altar, uniq_rupert,
          uniq_saint_roka
Vaults:1: nicolae_vaults_twisting_passages, nicolae_vaults_house_1,
          nicolae_vaults_shipping_containers_5, nicolae_vaults_frosty_reception,
          nicolae_vaults_diamond_1, nicolae_vaults_heist, grunt_vaults_focal,
          vaults_dpeg_hooks, nicolae_vaults_little_squares_3,
          layout_vaults_omnigrid, uniq_asterion
Vaults:2: sword_in_stone, nicolae_vaults_big_ls, v_pattern_5,
          nicolae_vaults_disjoint_gnomons, v_misc_30,
          nicolae_vaults_stepped_doors, nicolae_vaults_angled_halls,
          ontoclasm_vaults_shuriken, vaults_dpeg_ring, hangedman_vaults_slice,
          nicolae_vaults_gold_heap, nicolae_vaults_tetromino_L_1,
          layout_vaults_chaotic_city, serial_shops, shop_statue
Vaults:3: grunt_vaults_swirl, nicolae_vaults_network_quinsquares
          [nicolae_vaults_network_quincunx_subvault,
          nicolae_vaults_network_quincunx_subvault,
          nicolae_vaults_network_quincunx_subvault,
          nicolae_vaults_network_quincunx_subvault],
          nicolae_vaults_door_testing_chamber, v_misc_14,
          grunt_vaults_hallway_short, nicolae_vaults_oval_intersection,
          st_squares, minmay_crypt_entry_simple_sparse,
          ontoclasm_vaults_decontamination, hangedman_vaults_snaps,
          nicolae_vaults_yaktaur_gun_rack, layout_vaults_maze_bifur
Vaults:4: vaults_standard_mumra_enter_the_diamond, hangedman_vaults_hat,
          v_rooms_2, v_alt_pattern_1, v_misc_9, v_pattern_2,
          nicolae_vaults_little_squares_6, grunt_vaults_hallway_long,
          ontoclasm_vaults_eye, ontoclasm_vaults_pinch, nicolae_vaults_house_1,
          nicolae_vaults_house_1, layout_vaults_omnicross, uniq_mara
Vaults:5
Depths:1: layout_cave_shapes, hellmouth_1, minmay_acid_items,
          grunt_megastairs_2, minmay_shop_star
Depths:2: kennysheep_cluttered_fort, layout_honeycomb, enter_ziggurat_f,
          pan_entry, minmay_misc_feat_diagonals, hangedman_tar_grid_catacomb,
          minmay_misc_feat_nine_boxes, minmay_staircase_windowed_large
Depths:3: minmay_diamond_stairs, layout_long_grid, hell_entry,
          grunt_decor_mini_mirrors, abyss_entry, infiniplex_staircase_pillars_2
Depths:4: evilmike_zot_entry_diamond, layout_small_grid, abyss_entry,
          hell_entry, grunt_qazlal_clouds, mu_enter_wizlab_1, uniq_josephina
Zot:1:    gammafunk_dig_for_victory, layout_cellular_growth,
          regret_index_zotdec_glowing_original
Zot:2:    layout_gridlike, regret_index_zotdec_gossamer_gf
Zot:3:    gammafunk_sealed_arena, layout_basic,
          regret_index_zotdec_slimy_original
Zot:4:    layout_misc_corridors, uniq_parghit
Zot:5:    layout_misc_corridors

Skill      XL: |  1  2  3  4  5  6  7  8  9 10 11 12 13 14 15 16 17 18 19 20 21 22 23 24 25 26 |
---------------+-------------------------------------------------------------------------------+-----
Fighting       | 4 5 6 7 8 10 11 12 14 15 17 19 20 21 22 23 24 25 27 | 27.0
Axes           | 5 6 7 8 9 10 12 13 15 17 18 21 | 21.7
Armour         | 1 4 6 8 9 10 12 13 14 16 17 18 | 18.2
Invocations    | 1 4 6 8 10 11 14 15 16 18 19 21 22 25 26 27 | 27.0
Shields        | 2 3 7 11 13 16 18 19 20 | 20.7
Throwing       | 4 8 14 15 | 15.1
Dodging        | |  2.4

Action                     |  1- 3 |  4- 6 |  7- 9 | 10-12 | 13-15 | 16-18 | 19-21 | 22-24 | 25-27 || total
---------------------------+-------+-------+-------+-------+-------+-------+-------+-------+-------++-------
  Melee: Hand axe          |    59 |    55 |     4 |       |       |       |       |       |       ||   118
         Whip              |       |    87 |   368 |   146 |     9 |       |       |       |       ||   610
         War axe           |       |       |    25 |    73 |       |       |       |       |       ||    98
         Battleaxe         |       |       |       |   229 |   219 |       |       |       |       ||   448
         Punch             |       |       |       |     1 |       |       |       |       |       ||     1
         Broad axe         |       |       |       |       |   479 |   568 |  1041 |   966 |   276 ||  3330
         Morningstar       |       |       |       |       |    24 |       |       |       |       ||    24
         Unarmed           |       |       |       |       |    21 |       |       |       |       ||    21
  Throw: Boomerang         |     2 |       |     3 |       |       |   174 |    87 |    85 |    28 ||   379
         Dart              |       |       |     1 |    13 |    16 |     1 |       |       |       ||    31
         Javelin           |       |       |       |     2 |       |     3 |     3 |    25 |    14 ||    47
 Invoke: Draw Destruction  |       |       |     8 |    33 |    49 |    21 |    37 |    55 |    16 ||   219
         Draw Summoning    |       |       |       |     7 |     9 |     7 |    13 |     6 |    14 ||    56
         Draw Escape       |       |       |       |     5 |     8 |     5 |     8 |    13 |     5 ||    44
         Deal Four         |       |       |       |       |       |     2 |       |     1 |       ||     3
  Evoke: Wand              |       |       |       |     8 |    16 |     6 |     6 |     5 |     6 ||    47
         Lightning rod     |       |       |       |       |       |     3 |     1 |     4 |       ||     8
    Use: Scroll            |       |     1 |     7 |     4 |    16 |    22 |     3 |    21 |     7 ||    81
         Potion            |       |       |       |       |     4 |     8 |       |     8 |    10 ||    30
   Stab: Invisible         |       |       |       |     3 |     2 |       |       |     4 |     1 ||    10
         Distracted        |       |       |       |       |       |       |     1 |     1 |     1 ||     3
 Armour: Ring mail         |    29 |    53 |       |       |       |       |       |       |       ||    82
         Robe              |     1 |       |       |       |       |       |       |       |       ||     1
         Chain mail        |       |    32 |   230 |       |       |       |       |       |       ||   262
         Plate armour      |       |       |    78 |   485 |   693 |    21 |       |       |       ||  1277
         Skin              |       |       |       |       |    11 |       |     3 |       |       ||    14
         Crystal plate arm |       |       |       |       |       |   442 |   680 |   449 |       ||  1571
         Gold dragon scale |       |       |       |       |       |       |       |   354 |   247 ||   601
  Dodge: Dodged            |    33 |    64 |   122 |   181 |   230 |   203 |   356 |   389 |   122 ||  1700
  Block: Kite shield       |       |       |   114 |   102 |   309 |   639 |  1090 |  1096 |   339 ||  3689
         Reflection        |       |       |       |       |     9 |    97 |    86 |    26 |     7 ||   225
         Other             |       |       |       |       |     3 |       |       |       |       ||     3

Table legend: (Time is in decaauts)
 A = Elapsed time spent in this place.
 B = Non-inter-level travel time spent in this place.
 C = Inter-level travel time spent in this place.
 D = Time resting spent in this place.
 E = Time spent auto-exploring this place.
 F = Levels seen in this place.
 G = Mean time per level.
                   A        B        C        D        E       F      G
               +--------+--------+--------+--------+--------+-----+--------+
         Total |  66812 |  61113 |   5699 |  17279 |  16230 |  48 | 1391.9 |
       Dungeon |  19857 |  17545 |   2312 |   4807 |   7839 |  15 | 1323.8 |
        Temple |     12 |      7 |      5 |      0 |      0 |   1 |   12.0 |
          Lair |   7604 |   7124 |    480 |   1278 |   3244 |   5 | 1520.8 |
        Shoals |   4897 |   4685 |    212 |   1414 |      0 |   4 | 1224.2 |
     Snake Pit |   6700 |   6328 |    372 |   2664 |    838 |   4 | 1675.0 |
  Orcish Mines |   2436 |   2232 |    204 |    436 |   1007 |   2 | 1218.0 |
        Vaults |  10418 |   9582 |    836 |   2622 |   2138 |   5 | 2083.6 |
        Depths |   6166 |   5202 |    964 |   1232 |   1102 |   4 | 1541.5 |
           Zot |   8140 |   7828 |    312 |   2636 |      0 |   5 | 1628.0 |
         Abyss |     17 |     17 |      0 |      0 |      0 |   1 |   17.0 |
         Sewer |    214 |    214 |      0 |     56 |     61 |   1 |  214.0 |
        Bailey |    346 |    346 |      0 |    132 |      0 |   1 |  346.0 |
               +--------+--------+--------+--------+--------+-----+--------+

Top non-repeatable levels by time:
 Snake:4: 2774 daAuts
   Zot:5: 2679 daAuts
Vaults:5: 2613 daAuts
    D:12: 2288 daAuts
Vaults:2: 2159 daAuts
  Lair:5: 2120 daAuts
Vaults:1: 2071 daAuts
Vaults:3: 2041 daAuts
   Zot:3: 1995 daAuts
    D:14: 1967 daAuts
    D:15: 1954 daAuts
 Snake:2: 1914 daAuts
     D:7: 1850 daAuts
Depths:2: 1775 daAuts
     D:6: 1716 daAuts
